 Dungeon Crawl Stone Soup version 0.28-a0-724-g66f9036eb4 (webtiles) character file.

Game seed: 18442071839550851998

12164 GordonOverkill the Cleaver (level 12, -24/89 HPs)
             Began as a Djinni Berserker on Oct 27, 2021.
             Was a High Priest of Trog.
             Killed by refrigeration
             ... invoked by Fannar
              (43 damage)
             ... on level 11 of the Dungeon.
             The game lasted 00:23:14 (15033 turns).

GordonOverkill the Cleaver (Djinni Berserker)      Turns: 15033, Time: 00:23:15

Health: -24/89     AC: 15    Str: 20    XL:     12   Next: 16%
Gold:   172        EV:  4    Int: 11    God:    Trog [*****.] SH: 17 Dex: 12

rFire   + + .      SeeInvis +   A - +2 war axe (freeze)
rCold   x . .      Faith    .   i - +8 kite shield of Ceudoj {Slay+6 Stlth+}
rNeg    . . .      Spirit   .   y - +0 plate armour
rPois   ∞          Reflect  .   K - +2 helmet {SInv}
rElec   .          Harm     .   M - scarf {+Inv}
rCorr   .          Rampage  .   (no gloves)
Will    +....                   (boots unavailable)
Stlth   ..........              (no amulet)
HPRegen 0.24/turn               (no ring)
MPRegen 0.00/turn               (no ring)

@: on berserk cooldown, flying, slowed, very slow
A: sickness immunity, fire resistance 2, cold vulnerability 1, float, innate
caster, hp casting, extra vitality 1, wild magic 1, MP-powered wands
a: Renounce Religion, Evoke Invisibility, Berserk, Trog's Hand, Brothers in Arms


You were on level 11 of the Dungeon.
You worshipped Trog.
Trog was extremely pleased with you.
You visited 1 branch of the dungeon, and saw 11 of its levels.
You also visited: Sewer.

You collected 754 gold pieces.
You spent 582 gold pieces at shops.

Inventory:

Hand Weapons
 f - a +3 vorpal flail
 A - a +2 war axe of freezing (weapon)
 D - the +7 rapier "Iteag" {drain, *Slow Int+3 Dex+2 SInv}
   (You found it on level 7 of the Dungeon)

   A truly terrible weapon, it drains the life of any living foe it strikes.
   Int:       It affects your intelligence (+3).
   Dex:       It affects your dexterity (+2).
   SInv:      It lets you see invisible.
   *Slow:     It may slow you when you take damage.
Missiles
 k - 47 poisoned darts (quivered)
 B - a curare-tipped dart
Armour
 i - the +8 kite shield of Ceudoj (worn) {Slay+6 Stlth+}
   (You acquired it on level 8 of the Dungeon)

   Slay:      It affects your accuracy & damage with ranged weapons and melee
   (+6).
   Stlth:     It makes you more stealthy.
 x - a +2 ring mail of willpower
 y - a +0 plate armour (worn)
 E - a +0 cloak
 K - a +2 helmet of see invisible (worn)
 M - a scarf of invisibility (worn)
Jewellery
 j - a ring of protection from fire
 F - a +4 ring of evasion
 J - a ring of willpower
Wands
 p - a wand of digging (12)
 u - a wand of charming (8)
 w - a wand of paralysis (9)
 H - a wand of flame (19)
 I - a wand of polymorph (12)
 N - a wand of iceblast (11)
Scrolls
 a - 2 scrolls of brand weapon
 c - 5 scrolls of fear
 d - 3 scrolls of fog
 h - 5 scrolls of teleportation
 l - 4 scrolls of enchant weapon
 m - a scroll of holy word {unknown}
 o - 2 scrolls of magic mapping
 r - a scroll of immolation {unknown}
 s - a scroll of noise
 t - a scroll of blinking
Potions
 b - 4 potions of ambrosia
 e - a potion of haste
 g - 8 potions of curing
 n - a potion of lignification
 q - 4 potions of mutation
 v - a potion of resistance
 z - 2 potions of might
 C - a potion of heal wounds
 G - a potion of cancellation {unknown}
 L - 2 potions of brilliance {unknown}


   Skills:
 + Level 9.3 Fighting
 * Level 10.7 Axes
 - Level 5.0 Throwing
 - Level 5.0 Armour
 - Level 2.1 Dodging
 + Level 5.3 Shields
 + Level 5.7 Evocations


You couldn't memorise any spells.
You knew the following spells:

 Your Spells              Type           Power      Damage    Failure   Level
a - Pain                  Necr           0%         1d4       100%        1
b - Ensorcelled Hibernat  Hex/Ice        0%         N/A       100%        2
c - Summon Guardian Gole  Hex/Summ       0%         N/A       100%        3
d - Inner Flame           Hex/Fire       0%         N/A       100%        3
e - Yara's Violent Unrav  Hex/Tmut       0%         3d3       100%        5
Your spell library was empty.


Dungeon Overview and Level Annotations

Branches:
Dungeon (11/15)            Temple (0/1) D:7            Lair (0/6) D:9
    Orc (0/2) D:9           Sewer (visited)

Altars:
Ashenzari
Gozag
Hepliaklqana
Nemelex Xobeh
Okawaru
Ru
Sif Muna
Trog
Uskayaw
Wu Jian
Xom
Yredelemnul
Zin
The Shining One
Beogh

Shops:
D:9 [[(   D:10 *

Annotations:
D:9 1 runed translucent door, technautist's ghost, novice MiFi
D:11 Fannar


Innate Abilities, Weirdness & Mutations

You are immune to sickness and miasma.
You are immune to poison.
Your flesh is very heat resistant. (rF++)
You are vulnerable to cold. (rC-)
You float through the air rather than walking.
You learn spells naturally, not from books.
Your magical power is your life essence.
You have superior vitality. (+4 HP)
Your spells are a little harder to cast, but a little more powerful.
You expend health (3 HP) to strengthen your wands.


Message History

The vampire mosquito bites you.
You hit the vampire mosquito. You freeze the vampire mosquito.
The vampire mosquito is lightly damaged.
The vampire mosquito bites you but does no damage. x2
You slash the yak! You freeze the yak.
The yak is moderately wounded.
You slash the vampire mosquito! You freeze the vampire mosquito.
You block the vampire mosquito's attack.
The yak gores you but does no damage.
You slash the yak! You freeze the yak.
The yak is severely wounded.
You barely miss the vampire mosquito.
You block the vampire mosquito's attack.
The vampire mosquito bites you. You block the yak's attack.
You slash the yak! You freeze the yak.
The yak is almost dead.
You slash the vampire mosquito! You freeze the vampire mosquito.
You destroy the vampire mosquito!
Trog accepts your kill. You block the yak's attack.
You slice the yak!! You freeze the yak.
You kill the yak!
Trog accepts your kill.
You feel a strong urge to attack something.
You are no longer berserk.
You are exhausted.
You feel yourself slow down.
Fannar shouts!
Some snowflakes condense on Fannar.
Fannar casts a spell.
Fannar drains the heat from the surrounding environment!
You feel a terrible chill!
Ouch! That really hurt!
* * * LOW HITPOINT WARNING * * *
Fannar hits you but does no damage.
Fannar glares icily.
Fannar casts a spell.
Fannar drains the heat from the surrounding environment!
You feel a terrible chill!
You die...

.#.>........................# #.
.#....#####......#.###........
......# #......#.# #####.#..#
......# #......#.# ##.#..# .
#.###### #...)..#.# ####.....# .
.......# #..))≈.#.. ........# .
.......# #......### #......##.
.......# #.....e..# #.........
.......# #.....@#.# #......#..
....≈..# #.....<#.# #.........
....≈..# ###.####.#####.....#...
....≈..######..).#...........#...
...(..................####.###...
.....).....................# ##..
.......####.(..............# #..
........# #.#####.....####.# #..
#######+# #.# ....[.... #††.....


You could see Fannar.

Vanquished Creatures
  Gastronok (D:8)
  2 two-headed ogres (D:11)
  An ugly thing (D:8)
  A troll (D:6)
  2 shadows
  A wyvern (D:9)
  2 vampires
  16 yaks
  2 steam dragons (D:8)
  4 vampire mosquitoes (D:11)
  Edmund (D:4)
  3 water moccasins (D:6)
  Purgy (D:3)
  4 black bears
  2 sky beasts
  3 orc warriors
  2 necrophages
  An ogre (D:9)
  6 centaurs
  3 bullfrogs
  2 gnoll sergeants (D:9)
  3 kobold brigands
  4 scorpions
  A water moccasin skeleton (D:5)
  5 killer bees (D:10)
  8 wights
  2 howler monkeys
  6 centaur zombies
  7 orc priests
  A bullfrog skeleton (D:6)
  2 hounds (D:4)
  A gnoll shaman (D:6)
  3 jellies
  A centaur skeleton (D:7)
  4 iguanas
  Terence (D:2)
  6 orc wizards
  A killer bee zombie (D:7)
  A hound skeleton (D:5)
  A howler monkey zombie (D:9)
  6 adders
  A howler monkey skeleton (D:4)
  13 gnolls
  A shadow imp (D:6)
  2 ufetubi
  A worm (D:2)
  2 dart slugs
  41 orcs
  10 endoplasms
  6 giant cockroaches
  9 goblins
  6 hobgoblins
  2 jackals (D:4)
  2 quokkas
  9 bats
  2 frilled lizards
  32 kobolds
  6 rats
269 creatures vanquished.

Vanquished Creatures (collateral kills)
  3 gnolls (D:9)
3 creatures vanquished.

Vanquished Creatures (others)
  A gnoll sergeant (D:9)
  A shadow imp (D:8)
  2 plants
4 creatures vanquished.

Grand Total: 276 creatures vanquished

Notes
Turn   | Place    | Note
-------+----------+-------------------------------------------
     0 | D:1      | GordonOverkill the Djinni Berserker began the quest for the
                  | Orb.
     0 | D:1      | Reached XP level 1. HP: 20/20 MP: 0/0
   306 | D:1      | Reached XP level 2. HP: 25/25 MP: 0/0
  1272 | D:2      | Reached XP level 3. HP: 28/30 MP: 0/0
  1272 | D:2      | Learned a level 1 spell: Pain
  1356 | D:2      | Found a faded altar of an unknown god.
  1373 | D:2      | Reached ** piety under Trog
  1374 | D:2      | Reached skill level 3 in Axes
  2203 | D:3      | Noticed Terence
  2268 | D:3      | Noticed Purgy
  2331 | D:2      | Killed Terence
  2332 | D:2      | Reached XP level 4. HP: 22/35 MP: 0/0
  2667 | D:3      | Killed Purgy
  2668 | D:3      | Reached skill level 1 in Throwing
  2668 | D:3      | Reached XP level 5. HP: 41/41 MP: 0/0
  2668 | D:3      | Learned a level 2 spell: Ensorcelled Hibernation
  2993 | D:3      | Found Ititud's Magic Scroll Shop.
  3003 | D:3      | Noticed a necrophage
  3020 | D:3      | Killed a necrophage
  3021 | D:3      | Reached skill level 4 in Axes
  3021 | D:3      | Reached XP level 6. HP: 47/47 MP: 0/0
  3083 | D:3      | Bought a scroll of enchant armour for 75 gold pieces
  3083 | D:3      | Bought a scroll of identify for 20 gold pieces
  3329 | D:4      | Noticed a black bear
  3370 | D:4      | Killed a black bear
  3371 | D:4      | Reached XP level 7. HP: 52/52 MP: 0/0
  3371 | D:4      | Learned a level 3 spell: Summon Guardian Golem
  3497 | D:4      | Noticed Edmund
  3510 | D:4      | Killed Edmund
  3766 | D:4      | Reached skill level 5 in Axes
  3818 | D:4      | Found a basalt altar of Yredelemnul.
  3856 | D:4      | Reached XP level 8. HP: 53/58 MP: 0/0
  4028 | D:5      | Entered Level 5 of the Dungeon
  4295 | D:5      | Reached *** piety under Trog
  4605 | D:5      | Reached skill level 5 in Fighting
  5867 | D:6      | Reached skill level 5 in Armour
  5939 | D:6      | Found a glowing drain.
  5958 | D:6      | Reached skill level 6 in Axes
  5975 | D:6      | Reached XP level 9. HP: 36/66 MP: 0/0
  5975 | D:6      | Learned a level 3 spell: Inner Flame
  6172 | Sewer    | Entered a sewer
  6708 | D:6      | Gained mutation: Your spells are a little harder to cast,
                  | but a little more powerful. [potion of mutation]
  6708 | D:6      | Gained mutation: You expend health (3 HP) to strengthen
                  | your wands. [potion of mutation]
  6943 | D:6      | Noticed a troll
  6969 | D:6      | Killed a troll
  7114 | D:6      | Reached skill level 7 in Axes
  7443 | D:6      | Reached **** piety under Trog
  8569 | D:3      | Bought a scroll of magic mapping for 35 gold pieces
  8569 | D:3      | Bought a scroll of magic mapping for 35 gold pieces
  8569 | D:3      | Bought a scroll of identify for 20 gold pieces
  8569 | D:3      | Bought a scroll of enchant weapon for 75 gold pieces
  8768 | D:7      | Identified the +7 rapier "Iteag" {drain, *Slow Int+3 Dex+2
                  | SInv}
  8780 | D:7      | Found an ornate altar of the Wu Jian Council.
  9013 | D:7      | Found a staircase to the Ecumenical Temple.
  9041 | D:7      | Reached XP level 10. HP: 73/73 MP: 0/0
  9224 | D:7      | Found a broken altar of Ashenzari.
 10327 | D:8      | Reached skill level 8 in Axes
 10327 | D:8      | Reached skill level 1 in Evocations
 10516 | D:8      | Reached skill level 5 in Throwing
 10601 | D:8      | Noticed a brown ugly thing
 10627 | D:8      | Killed a brown ugly thing
 10752 | D:8      | Found a glowing golden altar of the Shining One.
 10814 | D:8      | Found a glowing silver altar of Zin.
 10819 | D:8      | Found a bloodstained altar of Trog.
 10828 | D:8      | Identified a scroll of acquirement
 10829 | D:8      | Acquired the +8 kite shield of Ceudoj {Slay+6 Stlth+}
 10839 | D:8      | Found a hazy altar of Hepliaklqana.
 11146 | D:8      | Reached skill level 1 in Shields
 11680 | D:8      | Noticed Gastronok
 11698 | D:8      | Killed Gastronok
 11699 | D:8      | Reached skill level 9 in Axes
 11699 | D:8      | Reached XP level 11. HP: 43/81 MP: 0/0
 11699 | D:8      | Learned a level 5 spell: Yara's Violent Unravelling
 11919 | D:8      | Found an opulent altar of Gozag.
 11922 | D:8      | Found a sacrificial altar of Ru.
 11923 | D:8      | Found an iron altar of Okawaru.
 11956 | D:9      | Found Rehenom's Weapon Shop.
 11994 | D:9      | Found a staircase to the Lair.
 12132 | D:9      | Reached ***** piety under Trog
 12456 | D:9      | Found a runed translucent door.
 12456 | D:9      | Found a shimmering altar of Xom.
 12456 | D:9      | Noticed technautist's ghost (novice MiFi)
 12457 | D:9      | Noticed a +2 trident of chaos
 12571 | D:9      | Found a staircase to the Orcish Mines.
 12573 | D:9      | Found Esyph's Armour Shop.
 12640 | D:9      | Bought a +2 helmet of see invisible for 322 gold pieces
 12806 | D:9      | Found a hide-covered altar of Uskayaw.
 12896 | D:9      | Found Eddug's Armour Emporium.
 13233 | D:10     | Entered Level 10 of the Dungeon
 13706 | D:10     | Found Jocistra's General Store.
 13761 | D:10     | Reached skill level 10 in Axes
 13763 | D:10     | Reached skill level 5 in Evocations
 14306 | D:10     | Found a sparkling altar of Nemelex Xobeh.
 14424 | D:11     | Noticed Fannar
 14424 | D:11     | Noticed a two-headed ogre
 14474 | D:11     | Noticed a two-headed ogre
 14484 | D:11     | Killed a two-headed ogre
 14532 | D:11     | Killed a two-headed ogre
 15001 | D:11     | Reached XP level 12. HP: 81/89 MP: 0/0
 15005 | D:11     | Reached skill level 5 in Shields
 15033 | D:11     | Killed from afar by Fannar

Illustrated notes

Levels and vault maps discovered:
D:1:      pf_arrival_petrified_forest, layout_loops_ring, serial_forest,
          infiniplex_forest_fountain, infiniplex_forest_lined_4_way,
          infiniplex_forest_end_2, infiniplex_forest_end_double,
          infiniplex_forest_end_2, infiniplex_forest_lined_corner,
          infiniplex_forest_clump_double, infiniplex_forest_lined_room_
D:2:      layout_basic, hellmonk_ecumenical_altar_heavens_door
D:3:      layout_loops_ring, serial_shops, nicolae_shop_waterfront, uniq_purgy,
          uniq_terence
D:4:      layout_rooms, lemuel_doored_altar, uniq_edmund
D:5:      layout_layer_cave, hangedman_decor_points
D:6:      minmay_inner_zag, layout_basic, gup_sewer_entry_glass
D:7:      layout_basic, general_overflow_altar,
          mainiacjoe_overflow_six_doors_small, minmay_temple_entry_glassed_door
D:8:      layout_basic, grunt_temple_overflow_cloverleaf, minitemple,
          mainiacjoe_overflow_catwalk, david_defended_altar_orc, uniq_gastronok
D:9:      layout_roguey [special_room_orc],
          nicolae_uskayaw_murder_on_the_dancefloor, david_lair_generic,
          orc_david_3, serial_shops, nicolae_stop_n_shop_2, kennysheep_mini,
          ebering_ghost_xom
D:10:     layout_roguey, nemelex_diamond_rough_becter, serial_shops,
          kennysheep_little_box, hangedman_abyss_or_decor_stabs
D:11:     layout_basic, uniq_fannar

Skill      XL: |  1  2  3  4  5  6  7  8  9 10 11 12 |
---------------+-------------------------------------+-----
Axes           | 3 4 5 6 7 9 10 | 10.7
Throwing       | 1 2 3 4 5 |  5.0
Armour         | 3 4 5 |  5.0
Fighting       | 4 5 6 8 9 |  9.3
Evocations     | 3 5 |  5.7
Shields        | 2 4 5 |  5.3
Dodging        | |  2.1

Action                   |  1- 3 |  4- 6 |  7- 9 | 10-12 || total
-------------------------+-------+-------+-------+-------++-------
Melee: Hand axe          |    90 |    73 |    16 |       ||   179
       Flail             |       |       |   269 |     6 ||   275
       War axe           |       |       |       |   267 ||   267
Throw: Dart              |       |     5 |       |     9 ||    14
Invok: Berserk           |    15 |     5 |    22 |    20 ||    62
       Trog's Hand       |       |       |     1 |     1 ||     2
Evoke: Wand              |       |       |       |     2 ||     2
  Use: Scroll            |     2 |     3 |     6 |     8 ||    19
       Potion            |       |       |     5 |       ||     5
 Stab: Sleeping          |     1 |       |       |     1 ||     2
Armor: Animal skin       |    13 |       |       |       ||    13
       Chain mail        |       |    63 |    46 |       ||   109
       Scale mail        |       |       |   132 |    19 ||   151
       Ring mail         |       |       |       |    41 ||    41
       Plate armour      |       |       |       |    49 ||    49
Dodge: Dodged            |    66 |    27 |   145 |    73 ||   311
Block: Kite shield       |       |       |       |   225 ||   225

Table legend: (Time is in decaauts)
 A = Elapsed time spent in this place.
 B = Non-inter-level travel time spent in this place.
 C = Inter-level travel time spent in this place.
 D = Time resting spent in this place.
 E = Time spent auto-exploring this place.
 F = Levels seen in this place.
 G = Mean time per level.
                   A        B        C        D        E       F      G
               +--------+--------+--------+--------+--------+-----+--------+
         Total |  15742 |  14979 |    763 |   5907 |   6488 |  12 | 1311.8 |
       Dungeon |  15179 |  14416 |    763 |   5634 |   6358 |  11 | 1379.9 |
         Sewer |    562 |    562 |      0 |    272 |    130 |   1 |  562.0 |
               +--------+--------+--------+--------+--------+-----+--------+

Top non-repeatable levels by time:
     D:6: 2409 daAuts
     D:8: 2204 daAuts
     D:5: 1773 daAuts
     D:2: 1443 daAuts
     D:9: 1377 daAuts
     D:1: 1243 daAuts
     D:7: 1190 daAuts
    D:10: 1176 daAuts
     D:3: 975 daAuts
     D:4: 733 daAuts
    D:11: 652 daAuts
   Sewer: 562 daAuts
